 Dungeon Crawl Stone Soup version 0.25-a0-55-g0753fd1ad2 (webtiles) character file.

Game seed: 9907058842985496524, levelgen mode: deterministic

38 Gumption the Grave Robber (level 3, 0/24 HPs)
             Began as a Demonspawn Necromancer on Oct 25, 2019.
             Succumbed to an adder's poison
             ... on level 2 of the Dungeon.
             The game lasted 00:23:51 (1667 turns).

Gumption the Grave Robber (Demonspawn Necromancer)  Turns: 1667, Time: 00:23:52

Health: 0/24       AC:  4    Str:  8    XL:     3   Next: 25%
Magic:  1/6        EV: 12    Int: 17    God:
Gold:   39         SH:  0    Dex: 13    Spells: 1/6 levels left

rFire    . . .     SeeInvis .   f - +0 whip
rCold    . . .     Gourm    .   (no shield)
rNeg     . . .     Faith    .   h - +0 robe
rPois    .         Spirit   .   (no helmet)
rElec    .         Reflect  .   (no cloak)
rCorr    .         Harm     .   (no gloves)
MR       .....                  (no boots)
Stlth    ++........             (no amulet)
HPRegen  0.08/turn              (no ring)
MPRegen  0.10/turn              (no ring)

@: lethally poisoned (0 -> -15), very slightly contaminated
A: talons 1, molten scales 1
a: no special abilities


You were on level 2 of the Dungeon.
You were not hungry.

You visited 1 branch of the dungeon, and saw 2 of its levels.

You collected 39 gold pieces.

Inventory:

Hand Weapons
 f - a +0 whip (weapon)
 g - a +4 hunting sling of flaming
Missiles
 c - 126 stones (quivered)
 n - 3 poisoned darts
Armour
 h - a +0 robe (worn)
Jewellery
 j - an uncursed ring of magical power {unknown}
Scrolls
 d - 2 scrolls of teleportation {unknown}
 i - a scroll of blinking {unknown}
 l - 3 scrolls of identify {unknown}
Potions
 b - a potion of mutation {unknown}
 k - 2 potions of heal wounds {unknown}
 m - 2 potions of might {unknown}
Comestibles
 a - 2 chunks of flesh
 e - 2 rations


   Skills:
 + Level 0.0 Fighting
 - Level 2.0 Dodging
 + Level 2.0 Stealth
 + Level 2.4 Spellcasting
 * Level 5.1 Necromancy


You had one spell level left.
You knew the following spells:

 Your Spells              Type           Power        Failure   Level  Hunger
a - Pain                  Necr           ###.         2%          1    #......
b - Animate Skeleton      Necr           N/A          2%          1    #......
c - Vampiric Draining     Necr           ###.......   7%          3    ###....

Your spell library contained the following spells:

 Spells                   Type           Power        Failure   Level  Hunger
 Regeneration             Chrm/Necr      ##........   19%         3    ###....
 Animate Dead             Necr           N/A          22%         4    #####..


Dungeon Overview and Level Annotations

Branches:
Dungeon (2/15)

Altars:
Elyvilon


Innate Abilities, Weirdness & Mutations

You have sharp toenails.
You are partially covered in molten scales. (AC +2)


Message History

* * * LOW HITPOINT WARNING * * *
You miss the adder.
The adder is severely wounded.
You feel sick. The adder bites you.
* * * LOW HITPOINT WARNING * * *
You are more poisoned.
The adder poisons you!
You miss the adder. Your kick misses the adder.
The adder is severely wounded.
* * * LOW HITPOINT WARNING * * *
You feel sick.
The adder bites you but does no damage. x2
You barely miss the adder.
The adder is severely wounded.
The adder bites you.
* * * LOW HITPOINT WARNING * * *
You are more poisoned.
The adder poisons you!
You closely miss the adder.
The adder is severely wounded.
You die...

#############
#.S@........#
#..............#######
#.#.#.###.###........#
# #. #.#.#..#####.#
#.#.#.#.#..#####.##
.............##....
.............##....
.#.###.#.#....##.... #
#.#....##...>


You could see an adder.

Vanquished Creatures
  An adder (D:2)
  A worm (D:2)
  A dart slug (D:1)
  2 giant cockroaches (D:2)
  2 goblins (D:2)
  3 hobgoblins
  5 kobolds
  3 bats
  2 frilled lizards (D:1)
  3 rats
23 creatures vanquished.

Vanquished Creatures (collateral kills)
  A worm (D:2)
1 creature vanquished.

Vanquished Creatures (others)
  A quokka (D:2)
1 creature vanquished.

Grand Total: 25 creatures vanquished

Notes
Turn   | Place    | Note
-------+----------+-------------------------------------------
     0 | D:1      | Gumption the Demonspawn Necromancer began the quest for the
                  | Orb.
     0 | D:1      | Reached XP level 1. HP: 13/13 MP: 3/3
     2 | D:1      | Learned a level 1 spell: Animate Skeleton
   545 | D:1      | Gained mutation: You are partially covered in molten
                  | scales. (AC +2) [demonic ancestry]
   545 | D:1      | Reached XP level 2. HP: 18/19 MP: 1/5
  1371 | D:2      | Gained mutation: You have sharp toenails. [demonic
                  | ancestry]
  1371 | D:2      | Reached XP level 3. HP: 24/24 MP: 4/6
  1395 | D:2      | Learned a level 3 spell: Vampiric Draining
  1399 | D:2      | Found a white marble altar of Elyvilon.
  1417 | D:2      | Reached skill level 5 in Necromancy
  1667 | D:2      | Succumbed to an adder's poison

Levels and vault maps discovered:
D:1:      dpeg_arrival_water_temple_mockup, layout_rooms,
          kennysheep_small_spiral
D:2:      kb_forest_paths, layout_basic, nicolae_overflow_hidden_temple,
          minmay_misc_feat_nine_boxes, elyvilon_altar_4

Table legend:
 A = Non-vault XP
 B = Vault XP
 C = Vault XP percentage of total XP
 D = Non-vault monster count
 E = Vault monster count
 F = Vault count percentage of total count
                 A         B        C        D         E       F
            +---------+---------+-------+---------+---------+-------
      Total |      52 |       3 |   5.5 |      22 |       2 |   8.3
            +---------+---------+-------+---------+---------+-------
        D:1 |      16 |       0 |   0.0 |      10 |       0 |   0.0
        D:2 |      36 |       3 |   7.7 |      12 |       2 |  14.3
            +---------+---------+-------+---------+---------+-------
